 Dungeon Sprint DCSS version 0.18.1-48-g4cf74bf (webtiles) character file.

8500000 tyranidshit the Middleweight Champion (level 27, -8/298 HPs)
             Began as a Deep Dwarf Berserker on July 21, 2016.
             Was the Champion of Makhleb.
             Mangled by a meat berserker
             ... wielding a +9 battleaxe
              (26 damage)
             ... in the Dungeon (Sprint VIII: "Arena of Blood").
             The game lasted 00:04:03 (85 turns).

tyranidshit the Middleweight Champion (DDBe)          Turns: 85, Time: 00:04:04

Health: -8/298     AC:  4    Str: 32    XL:     27
Magic:  32/54      EV: 27    Int: 10    God:    Makhleb [******]
Gold:   0          SH:  0    Dex: 12    Spells: 0 memorised, 80 levels left

rFire  . . .     SeeInvis +     j - +∞ Axe of Woe
rCold  . . .     Gourm    .     a - +0 animal skin
rNeg   + . .     Faith    .     (shield currently unavailable)
rPois  .         Spirit   .     (no helmet)
rElec  .         Dismiss  .     (no cloak)
rCorr  .         Reflect  .     (no gloves)
SustAt .         Harm     .     (no boots)
MR     ++++.     NoTele   +     (no amulet)
Stlth  +++++++++.               (no ring)
                                f - ring of see invisible

@: very slightly contaminated, non-regenerating, incredibly resistant to hostile
enchantments, incredibly stealthy
A: damage resistance, recharge devices, negative energy resistance 1, sense
surroundings 3, slow regeneration 3
a: Device Recharging, Minor Destruction, Lesser Servant of Makhleb, Major
Destruction, Greater Servant of Makhleb, Renounce Religion


You were in the Dungeon.
You worshipped Makhleb.
Makhleb was exalted by your worship.
You were not hungry.

You visited 1 branch

Inventory:

Hand Weapons
 j - the +∞ Axe of Woe (weapon)
   (You found it in the Dungeon)
Armour
 a - a +0 animal skin (worn)
Jewellery
 f - a ring of see invisible (left hand)
Wands
 b - a wand of heal wounds (5/9)
Potions
 d - a potion of curing
 e - a potion of heal wounds
 g - 2 potions of magic
 h - a potion of berserk rage
Comestibles
 c - a bread ration


   Skills:
 O Level 27 Fighting
 O Level 27 Axes
 O Level 27 Throwing
 O Level 27 Armour
 O Level 27 Dodging
 O Level 27 Stealth
 O Level 27 Unarmed Combat
 O Level 27 Spellcasting
 O Level 27 Invocations
 O Level 27 Evocations


You had 80 spell levels left.
You didn't know any spells.

Dungeon Overview and Level Annotations

Branches:
Dungeon (1/1)

Altars:
Makhleb


Innate Abilities, Weirdness & Mutations

You are resistant to damage.
You can recharge devices by infusing magical energy.
You resist negative energy.
You passively map a large area around you.
You do not regenerate naturally.


Message History

The meat berserker rages.
The eight-headed meat hydra calls on the powers of darkness!
The eight-headed meat hydra convulses!
The bag of meat convulses! x10
The meat berserker convulses! x2; Your body is wracked with pain!
The bag of meat convulses!
You hear a shout!
A corpse collapses into a pulpy mess!
Some corpses begin to drag themselves along the ground!
The bag of meat moves out of view.
The destroyer blinks!
A large abomination, 5 crawling corpses, a phantom and a wraith come into view.
You hear a shout! x5
The dread calls on the powers of darkness!
The bag of meat convulses! x9; The eight-headed meat hydra convulses!
The bag of meat convulses!
Your body is wracked with pain!
* * * LOW HITPOINT WARNING * * *
The meat berserker hits you with a +9 battleaxe!!!
* * * LOW HITPOINT WARNING * * *
You hear a shout!
The meat berserker hits you with a +9 battleaxe!!
You die...

, * ,, , , ,
#...o.... , , ,
,, #.....WW..#.
, , #.oo.o.. ..
. #....Oo,..#..
,.# #....#
....., ..
#..§x##..o.. , ,
. #Oo...#zooX.#X
,,
#@O)oo.#*#.L.. ,
#VoxO)##....#. C
#.X.x#XooX..§.*,
. #.§.o#)XXXX...
,..


#oooxXW.LL..... .# #...oozo..M....... #.D.X..x.......... #.......x§#.......
#....§§§.#.#.#.... You could see a tentacled monstrosity, an eight-headed meat
hydra, a destroyer, 2 sculptors of flesh, 4 large abominations, a wretched soul
(wandering), 2 dreads, 4 meat berserkers, 19 bags of meat and 6 crawling
corpses.

Vanquished Creatures
  2 hell beasts (D)
  A wraith (D)
  5 vampire knights (D)
  27 ogres (D)
  47 orcs (D)
  7 hill giants (D)
  A small abomination (D)
  A large abomination (D)
  6 crawling corpses (D)
97 creatures vanquished.

Vanquished Creatures (others)
  3 crawling corpses (D)
3 creatures vanquished.

Grand Total: 100 creatures vanquished

Notes
Turn   | Place    | Note
--------------------------------------------------------------
     0 | D        | tyranidshit the Deep Dwarf Berserker began the quest for the Orb.
     0 | D        | Reached XP level 1. HP: 20/20 MP: 1/1
     2 | D        | Fell from the grace of Trog
     2 | D        | Became a worshipper of Makhleb the Destroyer
     3 | D        | Noticed a bag of meat
     4 | D        | Noticed a meat berserker
     4 | D        | Noticed a meat berserker
     4 | D        | Noticed a bag of meat
     5 | D        | Noticed a bag of meat
     5 | D        | Noticed a bag of meat
     5 | D        | Noticed a meat berserker
     6 | D        | Noticed a bag of meat
     8 | D        | Noticed a meat berserker
     8 | D        | Noticed a meat berserker
     9 | D        | Killed a meat berserker
     9 | D        | Reached XP level 2. HP: 58/58 MP: 2/2
     9 | D        | Reached XP level 3. HP: 66/66 MP: 3/3
     9 | D        | Reached XP level 4. HP: 75/75 MP: 4/4
     9 | D        | Reached XP level 5. HP: 82/82 MP: 5/5
     9 | D        | Reached XP level 6. HP: 91/91 MP: 6/6
     9 | D        | Reached XP level 7. HP: 99/99 MP: 7/7
     9 | D        | Reached XP level 8. HP: 108/108 MP: 8/8
     9 | D        | Gained mutation: You passively map the area around you. [Deep Dwarf growth]
     9 | D        | Reached XP level 9. HP: 115/115 MP: 9/9
     9 | D        | Reached XP level 10. HP: 124/124 MP: 10/10
     9 | D        | Reached XP level 11. HP: 132/132 MP: 11/11
     9 | D        | Reached XP level 12. HP: 140/140 MP: 12/12
     9 | D        | Reached XP level 13. HP: 148/148 MP: 13/13
     9 | D        | Killed a meat berserker
     9 | D        | Reached * piety under Makhleb
     9 | D        | Gained mutation: You resist negative energy. [Deep Dwarf growth]
     9 | D        | Reached XP level 14. HP: 165/165 MP: 14/14
     9 | D        | Noticed a bag of meat
    10 | D        | Killed a meat berserker
    10 | D        | Reached skill level 5 in Axes
    10 | D        | Reached XP level 15. HP: 180/180 MP: 15/15
    10 | D        | Reached ** piety under Makhleb
    10 | D        | Killed a meat berserker
    10 | D        | Reached XP level 16. HP: 196/196 MP: 16/16
    11 | D        | Noticed a meat berserker
    11 | D        | Reached *** piety under Makhleb
    12 | D        | Reached skill level 27 in Fighting
    12 | D        | Reached skill level 27 in Unarmed Combat
    12 | D        | Reached XP level 17. HP: 208/208 MP: 17/17
    12 | D        | Killed a meat berserker
    12 | D        | Reached **** piety under Makhleb
    12 | D        | Reached skill level 15 in Axes
    12 | D        | Reached ***** piety under Makhleb
    12 | D        | Gained mutation: You passively map a large area around you. [Deep Dwarf growth]
    12 | D        | Reached XP level 18. HP: 218/218 MP: 18/18
    13 | D        | Noticed a meat berserker
    13 | D        | Reached skill level 27 in Armour
    13 | D        | Reached skill level 27 in Dodging
    15 | D        | Killed a meat berserker
    15 | D        | Reached skill level 27 in Axes
    16 | D        | Noticed a large bag of meat
    17 | D        | Reached skill level 5 in Spellcasting
    17 | D        | Reached XP level 19. HP: 226/226 MP: 18/27
    18 | D        | Noticed a meat berserker
    19 | D        | Noticed a meat berserker
    21 | D        | Noticed a meat berserker
    21 | D        | Noticed a large bag of meat
    21 | D        | Noticed a meat berserker
    22 | D        | Noticed a large bag of meat
    22 | D        | Killed a meat berserker
    23 | D        | Killed a meat berserker
    23 | D        | Reached ****** piety under Makhleb
    23 | D        | Reached XP level 20. HP: 236/236 MP: 18/37
    24 | D        | Noticed a meat berserker
    26 | D        | Reached skill level 15 in Throwing
    26 | D        | Reached skill level 15 in Spellcasting
    35 | D        | Killed a meat berserker
    35 | D        | Reached XP level 21. HP: 208/244 MP: 20/43
    35 | D        | Reached skill level 27 in Stealth
    35 | D        | Reached skill level 27 in Invocations
    35 | D        | Reached skill level 27 in Evocations
    37 | D        | Noticed a destroyer
    40 | D        | Killed a destroyer
    40 | D        | Reached skill level 27 in Throwing
    40 | D        | Reached skill level 27 in Spellcasting
    40 | D        | Reached XP level 22. HP: 124/254 MP: 21/53
    41 | D        | Reached XP level 23. HP: 262/262 MP: 21/54
    45 | D        | Noticed a destroyer
    47 | D        | Noticed a destroyer
    48 | D        | Killed a destroyer
    60 | D        | Noticed a destroyer
    60 | D        | Noticed a destroyer
    61 | D        | Reached XP level 24. HP: 133/272 MP: 26/54
    62 | D        | Noticed a tyrant
    63 | D        | Reached XP level 25. HP: 243/280 MP: 26/54
    63 | D        | Noticed a tyrant
    64 | D        | Noticed a dread
    65 | D        | Noticed a dread
    65 | D        | Reached XP level 26. HP: 290/290 MP: 26/54
    68 | D        | Noticed a meat beast
    69 | D        | Reached XP level 27. HP: 298/298 MP: 27/54
    70 | D        | Killed a dread
    72 | D        | Killed a destroyer
    74 | D        | Noticed a tyrant
    74 | D        | Killed a meat beast
    74 | D        | Killed a destroyer
    75 | D        | Noticed a meat beast
    75 | D        | Noticed a dread
    76 | D        | Noticed a destroyer
    77 | D        | Noticed a tyrant
    77 | D        | Killed a meat beast
    82 | D        | Killed a destroyer
    83 | D        | Noticed an accursed
    85 | D        | Noticed a dread
    85 | D        | Mangled by a meat berserker

Skill      XL: |  1  2  3  4  5  6  7  8  9 10 11 12 13 14 15 16 17 18 19 20 21 |
---------------+----------------------------------------------------------------+-----
Fighting       | 18 21 23 26 27 | 27.0
Axes           | 3 4 5 6 12 18 27 | 27.0
Armour         | 12 14 16 18 21 26 27 | 27.0
Dodging        | 12 14 16 18 22 26 27 | 27.0
Unarmed Combat | 18 21 23 26 27 | 27.0
Throwing       | 6 14 20 27 | 27.0
Stealth        | 8 19 26 27 | 27.0
Spellcasting   | 5 13 18 27 | 27.0
Invocations    | 8 19 26 27 | 27.0
Evocations     | 8 19 26 27 | 27.0

Action                   |  1- 3 |  4- 6 |  7- 9 | 10-12 | 13-15 | 16-18 | 19-21 | 22-24 | 25-27 || total
-------------------------+-------+-------+-------+-------+-------+-------+-------+-------+-------++-------
Melee: Executioner's axe |     1 |       |       |       |     1 |     5 |     8 |     5 |    14 ||    34
  Use: Potion            |     1 |       |       |       |       |       |       |       |       ||     1
       Scroll            |       |       |       |       |       |       |       |       |     1 ||     1
Dodge: Dodged            |       |       |       |       |     1 |       |       |       |     5 ||     6
